 Dungeon Crawl Stone Soup version 0.32-a0-814-g0968bab981 (webtiles) character file.

Game seed: 16792502407849802244

253 Ruich the Cutter (level 5, -6/38 HPs)
             Began as a Vampire Gladiator on Mar 23, 2024.
             Splashed by a jelly's acid (9 damage)
             ... on level 3 of the Dungeon.
             The game lasted 00:04:26 (2899 turns).

Ruich the Cutter (Vampire Gladiator)                Turns: 2899, Time: 00:04:26

Health: -6/38      AC: -11   Str: 13    XL:     5   Next: 90%
Magic:  5/5        EV: 13    Int: 10    God:
Gold:   57         SH:  0    Dex: 18    Spells: 4/4 levels left

rFire   + . .        a - +0 rapier
rCold   . . .        (no shield)
rNeg    . . .        b - +0 leather armour
rPois   .            c - +0 helmet
rElec   .            k - +0 cloak
rCorr   .            (no gloves)
SInv    +            (no boots)
Will    .....        (no amulet)
Stlth   +++          r - ring of protection from fire
HPRegen 0.46/turn    (no ring)
MPRegen 0.09/turn

%: no passive effects
@: corroded, healing quickly
A: alive, fangs 3, see invisible, vampiric 2
a: Exsanguinate


You were on level 3 of the Dungeon.
You visited 1 branch of the dungeon, and saw 3 of its levels.

You collected 57 gold pieces.


Innate Abilities, Weirdness & Mutations

Your natural rate of healing is accelerated.
You have razor-sharp teeth.
You have supernaturally acute eyesight. (SInv)
You are afflicted with vampirism and can become a bat while bloodless.


   Skills:
 - Level 1.7 Fighting
 * Level 5.6 Short Blades
 - Level 1.5 Throwing
 + Level 4.6 Dodging
 + Level 4.3 Stealth


You had 4 spell levels left.
You didn't know any spells.
Your spell library contained the following spells:

 Spells                   Type           Power      Damage    Failure   Level
 Sting                    Conj/Alch      0%         1d3       43%         1
 Mercury Vapours          Alch/Air       0%         N/A       58%         2
 Static Discharge         Conj/Air       0%         3-3/arc   58%         2
 Airstrike                Air            0%         2d(0-16)  99%         4
 Olgreb's Toxic Radiance  Alch           0%         N/A       99%         4
 Summon Lightning Spire   Summ/Air       0%         N/A       99%         4

Inventory:

Hand Weapons
 a - a +0 rapier (weapon)
Missiles
 d - 2 throwing nets (quivered) {=f}
 e - a javelin
Armour
 b - a +0 leather armour (worn)
 c - a +0 helmet (worn)
 k - a +0 cloak (worn)
Magical Staves
 p - a staff of alchemy {!a}
Jewellery
 r - a ring of protection from fire (left hand)
Scrolls
 f - 2 scrolls of revelation {unknown}
 h - 2 scrolls of teleportation {unknown}
 i - 2 scrolls of enchant weapon {unknown}
 j - a scroll of vulnerability {unknown}
 n - 2 scrolls of identify {unknown}
 q - a scroll of brand weapon {unknown}
Potions
 g - a potion of degeneration {unknown}
 l - a potion of might {unknown}
 m - a potion of curing {unknown}
 o - 2 potions of resistance {unknown}

Dungeon Overview and Level Annotations

Branches:
Dungeon (3/15) Zot: 15101

Altars:

Annotations:
D:2 1 runed translucent door, Crazy Yiuf
D:3 1 runed translucent door, HilariousDeathArtist's ghost, amateur TrRe

# #....+$ß#...# . .# #
#.#..#.♣#...## .####.#
###.#######...l# #...#.#
.......+......># #.#.#.#
.#######.......# #.#.#.#
....# #.......###.#.#.#
###.# #.......#.....#.#
#.## #......(÷J..#...#
#..# #.......#@#.....#
##.###...÷...#†#.#.#.#
#...#.......#.#.#.#.#
###.#.......#.#.#.#.#
######........)#..<#.#.#
#..............###.#.#.#
#.####....####.......#.#
#.####.##..###..##.###.#
#.#....###..##..##.....#


You could see a jelly.


Message History

You are splashed with acid.
You barely miss the jelly.
The jelly is lightly wounded.
You hit the jelly.
Your hands burn!
You bite the jelly.
The jelly is moderately wounded.
The jelly barely misses you.
You hit the jelly. The acid corrodes you!
Your hands burn!
* * * LOW HITPOINT WARNING * * *
The jelly is heavily wounded.
* * * LOW HITPOINT WARNING * * *
The acid corrodes you!
You are splashed with acid!
* * * LOW HITPOINT WARNING * * *
Unknown command.
Throw: 3 throwing nets {=f}
Press: ? - help, Q - select action, (/) - cycle Shift-Dir - straight line, f - jelly
Aim: a jelly (heavily wounded, 89% to hit, immune to nets)
Okay, then.
Unknown command.
Unknown command.
Unknown command.
Unknown command.
Throw: 3 throwing nets {=f}
Press: ? - help, Q - select action, (/) - cycle Shift-Dir - straight line, f - jelly
Aim: a jelly (heavily wounded, 89% to hit, immune to nets)
You throw a throwing net {=f}.
The jelly effortlessly oozes through the net!
The jelly is heavily wounded.
* * * LOW HITPOINT WARNING * * *
The acid corrodes you!
You are splashed with acid!
You die...

Skill      XL: |  1  2  3  4  5 |
---------------+----------------+-----
Stealth        | 1 2 3 4 |  4.3
Short Blades   | 4 5 |  5.6
Dodging        | 4 |  4.6
Fighting       | |  1.7
Throwing       | |  1.5

Action                     |  1- 3 |  4- 6 || total
---------------------------+-------+-------++-------
  Melee: Rapier            |   167 |    76 ||   243
         Bite              |    13 |    12 ||    25
  Throw: Throwing net      |       |     2 ||     2
   Stab: Sleeping          |     3 |       ||     3
         Held in net/web   |       |     1 ||     1
 Armour: Leather armour    |    94 |    26 ||   120
  Dodge: Dodged            |   126 |    36 ||   162

Levels and vault maps discovered:
D:1:      sevenhm_arrival_forest_fort_large_2, layout_loops_cross,
          shapermc_ecumenical_altar_starsandcircs
D:2:      layout_basic, chequers_garden, uniq_crazy_yiuf_cottage
D:3:      layout_basic, gammafunk_ghost_grave, st_stairs_6, serial_bayou_pond_a

Notes
Turn   | Place    | Note
-------+----------+-------------------------------------------
     0 | D:1      | Ruich the Vampire Gladiator began the quest for the Orb.
     0 | D:1      | Reached XP level 1. HP: 16/16 MP: 1/1
   132 | D:1      | Reached skill level 1 in Stealth
   162 | D:1      | Reached XP level 2. HP: 22/22 MP: 2/2
   214 | D:1      | You fall into a shaft and drop 1 floor!
   845 | D:1      | Found a faded altar of an unknown god.
  1065 | D:2      | Reached skill level 4 in Short Blades
  1112 | D:2      | Reached skill level 2 in Stealth
  1114 | D:2      | Gained mutation: You are afflicted with vampirism and can
                  | become a bat while bloodless. [Vampire growth]
  1114 | D:2      | Reached XP level 3. HP: 27/27 MP: 3/3
  1247 | D:2      | Found a runed translucent door.
  1248 | D:2      | Noticed Crazy Yiuf
  2165 | D:3      | Reached XP level 4. HP: 33/33 MP: 4/4
  2208 | D:3      | Reached skill level 4 in Dodging
  2240 | D:3      | Found a runed translucent door.
  2240 | D:3      | Noticed HilariousDeathArtist's ghost (amateur TrRe)
  2306 | D:3      | Reached skill level 3 in Stealth
  2417 | D:3      | Reached skill level 5 in Short Blades
  2417 | D:3      | Reached XP level 5. HP: 20/38 MP: 5/5
  2526 | D:3      | Noticed an ogre
  2535 | D:3      | Killed an ogre
  2536 | D:3      | Reached skill level 4 in Stealth
  2899 | D:3      | HP: 3/38 [jelly (2)]
  2899 | D:3      | Splashed by a jelly's acid

Vanquished Creatures
  An ogre (D:3)
  2 bombardier beetles (D:3)
  3 adders
  A dart slug (D:1)
  6 ribbon worms
  4 ball pythons
  5 bats
  4 giant cockroaches
  A goblin (D:3)
  5 hobgoblins
  11 jackals
  3 quokkas
  4 frilled lizards
  6 kobolds
  6 rats
62 creatures vanquished.

Table legend: (Time is in decaauts)
 A = Elapsed time spent in this place.
 B = Non-inter-level travel time spent in this place.
 C = Inter-level travel time spent in this place.
 D = Time resting spent in this place.
 E = Time spent auto-exploring this place.
 F = Levels seen in this place.
 G = Mean time per level.
                   A        B        C        D        E       F      G
               +--------+--------+--------+--------+--------+-----+--------+
         Total |   2898 |   2818 |     80 |    467 |   1784 |   3 |  966.0 |
       Dungeon |   2898 |   2818 |     80 |    467 |   1784 |   3 |  966.0 |
               +--------+--------+--------+--------+--------+-----+--------+

Top non-repeatable levels by time:
     D:2: 1138 daAuts
     D:1: 1019 daAuts
     D:3: 739 daAuts

Table legend:
 A = Non-vault XP
 B = Vault XP
 C = Vault XP percentage of total XP
 D = Non-vault monster count
 E = Vault monster count
 F = Vault count percentage of total count
                 A         B        C        D         E       F
            +---------+---------+-------+---------+---------+-------
      Total |     358 |       4 |   1.1 |      61 |       1 |   1.6
            +---------+---------+-------+---------+---------+-------
        D:1 |      32 |       0 |   0.0 |      17 |       0 |   0.0
        D:2 |      55 |       0 |   0.0 |      21 |       0 |   0.0
        D:3 |     271 |       4 |   1.5 |      23 |       1 |   4.2
            +---------+---------+-------+---------+---------+-------
